 Dungeon Crawl Stone Soup version 0.25.0-45-g978344163c (webtiles) character file.

Game seed: 3636549830963004335

56 Peloso the Skirmisher (level 3, -2/29 HPs)
             Began as a Vampire Fighter on July 11, 2020.
             Slain by a gnoll
             ... wielding a +0 spear
              (3 damage)
             ... on level 2 of the Dungeon.
             The game lasted 00:02:03 (1175 turns).

Peloso the Skirmisher (Vampire Fighter)             Turns: 1175, Time: 00:02:06

Health: -2/29      AC:  6    Str: 16    XL:     3   Next: 69%
Magic:  3/3        EV:  7    Int: 10    God:
Gold:   30         SH:  9    Dex: 13    Spells: 2/2 levels left

rFire    x . .     SeeInvis +   a - +0 long sword
rCold    + . .     Gourm    .   c - +0 kite shield
rNeg     . . .     Faith    .   b - +0 scale mail
rPois    .         Spirit   .   (no helmet)
rElec    .         Reflect  .   (no cloak)
rCorr    .         Harm     .   (no gloves)
MR       .....     Rnd*Tele +   (no boots)
Stlth    ..........             (no amulet)
HPRegen  0.29/turn              k - ring of ice
MPRegen  0.08/turn              h - ring of teleportation (curse)

@: regenerating quickly
A: no food, fangs 3, see invisible, unbreathing
a: Exsanguinate


You were on level 2 of the Dungeon.
You were alive.

You visited 1 branch of the dungeon, and saw 2 of its levels.

You collected 30 gold pieces.

Inventory:

Hand Weapons
 a - a +0 long sword (weapon)
Armour
 b - a +0 scale mail (worn)
 c - a +0 kite shield (worn)
Jewellery
 e - an uncursed ring of protection from magic
 h - a cursed ring of teleportation (right hand)
 k - a ring of ice (left hand)
Scrolls
 g - a scroll of teleportation {unknown}
 j - 2 scrolls of remove curse {unknown}
 l - a scroll of fear {unknown}
 m - a scroll of identify {unknown}
 n - a scroll of amnesia {unknown}
 o - a scroll of magic mapping {unknown}
Potions
 d - a potion of might
 f - 2 potions of mutation {unknown}
 i - a potion of haste {unknown}


   Skills:
 + Level 3.1 Fighting
 + Level 2.8 Long Blades
 + Level 2.8 Armour
 + Level 0.2 Dodging
 + Level 3.0 Shields


You had 2 spell levels left.
You didn't know any spells.
Your spell library was empty.

Dungeon Overview and Level Annotations

Branches:
Dungeon (2/15)

Altars:


Innate Abilities, Weirdness & Mutations

You do not eat.
Your natural rate of healing is unusually fast.
You have razor-sharp teeth.
You have supernaturally acute eyesight. (SInv)
You can survive without breathing.


Message History

There are monsters nearby!
There are monsters nearby!
A gnoll comes into view. It is wielding a +0 spear.
The gnoll shouts!
You block the gnoll's attack. The gnoll hits you with a +0 halberd!
You hit the gnoll but do no damage.
The gnoll hits you from afar with a +0 spear.
You block the gnoll's attack. x2
You closely miss the gnoll. You block the gnoll's attack.
The gnoll hits you but does no damage.
You hit the gnoll.
The gnoll is moderately wounded.
The gnoll hits you with a +0 halberd. You block the gnoll's attack.
Your shield prevents you from hitting the gnoll.
You bite the gnoll.
The gnoll is severely wounded.
The gnoll hits you with a +0 halberd!
* * * LOW HITPOINT WARNING * * *
The gnoll hits you from afar with a +0 spear.
You die...

#.##.# #. #####
#.##.# ## ...
#.##.# ...
....##.# .g. .###
#.# #g# ##. #.#
#g# #.. ..# #g#
#.# ### #@# #.#
#### #.####.##
#... #.......#
#.##
######..#.#####.##
#..#.........
#..#######.##
#..#######.##
#..........##
##.#####.....


You could see 4 gnolls.

Vanquished Creatures
  An adder (D:2)
  2 worms (D:2)
  2 dart slugs
  A leopard gecko (D:2)
  2 giant cockroaches (D:1)
  4 goblins
  4 hobgoblins
  2 jackals (D:1)
  5 kobolds (D:1)
  A ball python (D:1)
  5 bats
  3 frilled lizards (D:1)
  3 rats
35 creatures vanquished.

Notes
Turn   | Place    | Note
-------+----------+-------------------------------------------
     0 | D:1      | Peloso the Vampire Fighter began the quest for the Orb.
     0 | D:1      | Reached XP level 1. HP: 17/17 MP: 1/1
   149 | D:1      | Reached XP level 2. HP: 21/24 MP: 2/2
   848 | D:2      | Reached XP level 3. HP: 29/29 MP: 3/3
  1175 | D:2      | HP: 1/29 [gnoll/+0 halberd (9)]
  1175 | D:2      | Slain by a gnoll

Illustrated notes

Levels and vault maps discovered:
D:1:      dpeg_arrival_boxorama, layout_basic, chequers_serial_rivers_micro_a
D:2:      layout_loops_ring

Skill      XL: |  1  2 |
---------------+-------+-----
Fighting       | 3 |  3.1
Shields        | 3 |  3.0
Long Blades    | |  2.8
Armour         | |  2.8
Dodging        | |  0.2

Action                   || total
-------------------------++-------
Melee: Long sword        ||   104
       Bite              ||     8
Armor: Scale mail        ||    39
Dodge: Dodged            ||    34
Block: Kite shield       ||    53
       Rpst.: Long sword ||     7
